 Dungeon Crawl Stone Soup version 0.27-a0-887-gcab673c142 (webtiles) character file.

Game seed: 6300685307139301619

1473 Lanoc the Digger (level 8, 0/67 HPs)
             Began as a Red Draconian Earth Elementalist on Apr 3, 2021.
             Was a Follower of Ashenzari.
             Slain by an orc priest
             ... wielding a +0 flail
              (6 damage)
             ... on level 6 of the Dungeon.
             The game lasted 00:10:42 (7613 turns).

Lanoc the Digger (Red Draconian Earth Elementalist) Turns: 7613, Time: 00:10:43

Health: 0/67       AC:  6    Str: 11    XL:     8   Next: 49%
Magic:  7/11       EV: 14    Int: 18    God:    Ashenzari [*.....]
Gold:   276        SH:  4    Dex: 11    Spells: 8/11 levels left

rFire    + . .     SeeInvis .   a - +1 short sword of Curses and Power {holy, Evo, Cun} (curse)
rCold    . . .     Faith    .   d - +0 buckler "Bound Oracle" {Fort, Cun} (curse)
rNeg     . . .     Spirit   .   (armour unavailable)
rPois    .         Reflect  .   (helmet restricted)
rElec    .         Harm     .   (no cloak)
rCorr    .         Rampage  .   (no gloves)
Will     .....                  (no boots)
Stlth    ++........             p - amulet of the acrobat
HPRegen  0.21/turn              (no ring)
MPRegen  0.12/turn              (no ring)

@: short of breath, very slightly contaminated
A: breathe fire, AC +6, unfitting armour, fire resistance 1, cold-blooded
a: Breathe Fire, Renounce Religion, Curse Item, Shatter the Chains


You were on level 6 of the Dungeon.
You worshipped Ashenzari.
Ashenzari was aware of your devotion.
You visited 2 branches of the dungeon, and saw 7 of its levels.

You collected 276 gold pieces.

Inventory:

Hand Weapons
 a - the cursed +1 short sword of Curses and Power (weapon) {holy, Evo, Cun}
   (You took it off a kobold on level 1 of the Dungeon)

   It has been blessed by the Shining One to cause great damage to the undead
   and demons.
   It has a curse which improves the following skills: Evocations: Evocations.
   Cunning:   Dodging and Stealth.
Missiles
 b - 241 stones
 k - a throwing net
 l - 4 curare-tipped darts
Armour
 d - the cursed +0 buckler "Bound Oracle" (worn) {Fort, Cun}
   (You found it on level 1 of the Dungeon)

   It has a curse which improves the following skills: Fortitude: Shields.
   Cunning:   Dodging and Stealth.
Jewellery
 p - an amulet of the acrobat (around neck)
Wands
 j - a wand of flame (10)
Scrolls
 c - 2 scrolls of amnesia
 h - 3 scrolls of teleportation
 i - a scroll of fog
 m - a scroll of holy word
 r - 2 scrolls of blinking
 t - a scroll of brand weapon
Potions
 e - 4 potions of curing
 f - 2 potions of brilliance
 g - 2 potions of flight
 n - a potion of cancellation
 o - a potion of might
 q - a potion of haste
 s - a potion of mutation


   Skills:
 + Level 4.9 Fighting
 + Level 4.9(6.4) Dodging
 - Level 2.0(3.2) Stealth
 - Level 3.1(4.0) Shields
 - Level 2.1 Spellcasting
 - Level 1.2 Transmutations
 * Level 7.7 Earth Magic


You had 8 spell levels left.
You knew the following spells:

 Your Spells              Type           Power      Damage    Failure   Level
a - Sandblast             Erth           58%        2d13      1%          1
b - Passwall              Tmut/Erth      15%        N/A       4%          2

Your spell library contained the following spells:

 Spells                   Type           Power      Damage    Failure   Level
 Stone Arrow              Conj/Erth      30%        3d8       11%         3
 Animate Skeleton         Necr           2%         N/A       19%         1
 Apportation              Tloc           2%         N/A       19%         1
 Corona                   Hex            1%         N/A       19%         1
 Summon Small Mammal      Summ           4%         N/A       19%         1
 Lee's Rapid Deconstruct  Erth           14%        3d10*     21%         5
 Petrify                  Tmut/Erth      18%        N/A       28%         4


Dungeon Overview and Level Annotations

Branches:
Dungeon (6/15)             Temple (1/1) D:4

Altars:
Ashenzari
Fedhas
Ru
Xom

Annotations:
D:6 1 transporter, bmj180's ghost, novice GnFi


Innate Abilities, Weirdness & Mutations

You can breathe blasts of fire.
Your fiery red scales are hard. (AC +6)
You cannot fit into any form of body armour.
Your flesh is heat resistant. (rF+)
You are cold-blooded and may be slowed by cold attacks.


Message History

Confirm with . or Enter, or press ? or * to list all spells.
Aiming: Sandblast (safe; 1% risk of failure)
Press: ? - help, Shift-Dir - straight line, f - phantom
Aim: a phantom (moderately damaged, 27% to evade)
The blast of sand hits the phantom!
The phantom is heavily damaged.
The phantom hits you but does no damage.
Casting: Sandblast (safe; 1% risk of failure)
Confirm with . or Enter, or press ? or * to list all spells.
Aiming: Sandblast (safe; 1% risk of failure)
Press: ? - help, Shift-Dir - straight line, f/p - phantom
Aim: a phantom (heavily damaged, 27% to evade)
The blast of sand hits the phantom.
The phantom is severely damaged.
The water moccasin skeleton closely misses you.
You block the phantom's attack.
The orc priest hits you with a +0 flail.
* * * LOW HITPOINT WARNING * * *
Casting: Sandblast (safe; 1% risk of failure)
Confirm with . or Enter, or press ? or * to list all spells.
Aiming: Sandblast (safe; 1% risk of failure)
Press: ? - help, Shift-Dir - straight line, f/p - phantom
Aim: a phantom (severely damaged, 27% to evade)
The blast of sand hits the phantom!
You destroy the phantom!
The water moccasin skeleton barely misses you.
The orc priest invokes the aid of Beogh against you.
Beogh smites you!
* * * LOW HITPOINT WARNING * * *
Casting: Sandblast (safe; 1% risk of failure)
Confirm with . or Enter, or press ? or * to list all spells.
Aiming: Sandblast (safe; 1% risk of failure)
Press: ? - help, Shift-Dir - straight line, f - orc priest
Aim: an orc priest, wielding a +0 flail (19% to evade)
You miscast Sandblast.
You are very lightly contaminated with residual magic.
Nothing appears to happen.
The water moccasin skeleton barely misses you.
The orc priest hits you with a +0 flail.
You die...

..###....## #.##
..# #...# ##.# ..#
....# ## #..#
#..... .... #
##[?##<## ##....
..## ##.#.#.#...#
.....
##.#.$#...#.#...#
..###
#...#...#.#.###...#
.. #...#o.○†.# ..##
#..@#.#......#
#..#.Z.#.###... .
## #.#.#.# .# ..
##))#.. .. ###.. ##
.... ...


You could see an orc priest and a water moccasin skeleton.

Vanquished Creatures
  The ghost of PeterLawrence the Cudgeller, an amateur MiFi of Okawaru (D:5)
  A black bear (D:6)
  An ogre (D:5)
  2 centaurs
  2 phantoms
  A scorpion (D:5)
  7 hounds
  An orc priest (D:5)
  Jessica (D:2)
  A hound skeleton (D:4)
  26 gnolls
  7 adders
  A worm (D:4)
  3 dart slugs
  4 orcs (D:5)
  4 bats
  4 endoplasms
  4 giant cockroaches (D:2)
  7 goblins
  12 hobgoblins
  3 jackals (D:4)
  37 kobolds
  3 quokkas
  9 ball pythons
  3 frilled lizards
  7 rats
152 creatures vanquished.

Vanquished Creatures (others)
  2 withered plants (D:5)
2 creatures vanquished.

Grand Total: 154 creatures vanquished

Notes
Turn   | Place    | Note
-------+----------+-------------------------------------------
     0 | D:1      | Lanoc the Draconian Earth Elementalist began the quest for
                  | the Orb.
     0 | D:1      | Reached XP level 1. HP: 14/14 MP: 3/3
   646 | D:1      | Reached XP level 2. HP: 20/20 MP: 5/5
  1440 | D:2      | Reached XP level 3. HP: 21/26 MP: 6/6
  1517 | D:2      | Reached skill level 1 in Shields
  1567 | D:2      | Noticed Jessica
  1578 | D:2      | Killed Jessica
  1672 | D:2      | Found a faded altar of an unknown god.
  1676 | D:2      | Learned a level 2 spell: Passwall
  1678 | D:2      | Became a worshipper of Ashenzari the Shackled
  1931 | D:2      | Reached XP level 4. HP: 33/33 MP: 7/7
  2276 | D:2      | Reached skill level 4 in Earth Magic
  2561 | D:2      | Reached XP level 5. HP: 36/39 MP: 8/8
  2731 | D:2      | Reached skill level 1 in Fighting
  2871 | D:3      | Reached * piety under Ashenzari
  4181 | D:3      | Reached XP level 6. HP: 42/48 MP: 5/9
  5363 | D:4      | Reached skill level 5 in Earth Magic
  5531 | D:4      | Found a staircase to the Ecumenical Temple.
  5569 | Temple   | Entered the Ecumenical Temple
  6060 | D:4      | Your scales start taking on a fiery red colour.
  6060 | D:4      | Reached XP level 7. HP: 56/56 MP: 7/10
  6060 | D:4      | Gained mutation: Your flesh is heat resistant. (rF+) [Red
                  | Draconian growth]
  6085 | D:4      | Found a sacrificial altar of Ru.
  6163 | D:5      | Entered Level 5 of the Dungeon
  6320 | D:5      | Reached skill level 6 in Earth Magic
  6547 | D:5      | Found a runed translucent door.
  6547 | D:5      | Noticed PeterLawrence's ghost (amateur MiFi)
  7270 | D:5      | Killed PeterLawrence's ghost
  7271 | D:5      | Reached skill level 7 in Earth Magic
  7271 | D:5      | Reached XP level 8. HP: 44/67 MP: 9/11
  7513 | D:6      | Found a transporter.
  7513 | D:6      | Noticed bmj180's ghost (novice GnFi)
  7613 | D:6      | Slain by an orc priest

Illustrated notes

Levels and vault maps discovered:
D:1:      dpeg_arrival_short_road, layout_loops_corners,
          hangedman_abyss_or_decor_lesser_grid, minmay_tetromino_t4
D:2:      layout_basic, basic_ecumenical_altar, minmay_worlds_worst_comb,
          uniq_jessica
D:3:      minmay_goblin_kobold_castle, layout_basic, due_unseen_surprise
D:4:      layout_basic, hangedman_ru_absence, temple_fountains
D:5:      layout_basic, gammafunk_ghost_grave, kennysheep_boxes
D:6:      minmay_spotlight, layout_layer_cave, gammafunk_ghost_arena
Temple:   regret_index_temple_chain_breaker

Skill      XL: |  1  2  3  4  5  6  7 |
---------------+----------------------+-----
Stealth        | 2 |  2.0
Dodging        | 2 3 4 |  4.9
Shields        | 1 2 3 |  3.1
Earth Magic    | 4 5 7 |  7.7
Fighting       | 1 2 4 |  4.9
Spellcasting   | |  2.1
Transmutations | |  1.2

Action                   |  1- 3 |  4- 6 |  7- 9 || total
-------------------------+-------+-------+-------++-------
Melee: Short sword       |    83 |   239 |    62 ||   384
       Unarmed           |     4 |       |       ||     4
       Tailslap          |     8 |    20 |     4 ||    32
 Cast: Sandblast         |     6 |    91 |    24 ||   121
Invok: Curse Item        |     1 |     1 |       ||     2
 Abil: Breathe Fire      |       |       |    10 ||    10
 Stab: Sleeping          |     2 |     4 |       ||     6
       Distracted        |       |     1 |       ||     1
Armor: Skin              |    20 |   102 |    20 ||   142
Dodge: Dodged            |    73 |   225 |    69 ||   367
Block: Buckler           |     9 |    90 |    27 ||   126

Table legend: (Time is in decaauts)
 A = Elapsed time spent in this place.
 B = Non-inter-level travel time spent in this place.
 C = Inter-level travel time spent in this place.
 D = Time resting spent in this place.
 E = Time spent auto-exploring this place.
 F = Levels seen in this place.
 G = Mean time per level.
                   A        B        C        D        E       F      G
               +--------+--------+--------+--------+--------+-----+--------+
         Total |   7697 |   7526 |    171 |     12 |   6345 |   7 | 1099.6 |
       Dungeon |   7693 |   7522 |    171 |     12 |   6345 |   6 | 1282.2 |
        Temple |      4 |      4 |      0 |      0 |      0 |   1 |    4.0 |
               +--------+--------+--------+--------+--------+-----+--------+

Top non-repeatable levels by time:
     D:3: 2471 daAuts
     D:2: 1502 daAuts
     D:1: 1379 daAuts
     D:5: 1267 daAuts
     D:4: 858 daAuts
     D:6: 214 daAuts
  Temple: 4 daAuts
